EL
LYNN SAILORS @ PAWTUCKET PAW SOX
04/22/1982
 
TOP OF THE 1ST
Lynn Sailors batting - Pitching for Pawtucket Paw Sox : RHP Kevin McCoy
Pitching: RHP Kevin McCoy
Batting: SHB Bip Roberts 0-0: Ball
1-0: Called Strike
1-1: Bunt missed!
1-2: Foul Ball, location: 2F
1-2: Ball
2-2: Foul Ball, location: 2F
2-2: Ball
3-2: Foul Ball, location: 2F
3-2: Strikes out looking
Batting: RHB Ron Wotus 0-0: Ball
1-0: Ball
2-0: Called Strike
2-1: Foul Ball, location: 2F
2-2: Strikes out swinging
Batting: RHB Mike Rubel 0-0: Called Strike
0-1: Ball
1-1: Ball
2-1: Foul Ball, location: 2F
2-2: Ball
3-2: Base on Balls
Batting: RHB Ken Gerhart 0-0: Called Strike
0-1: Foul Ball, location: 2F
0-2: Ground out 2-3 (Groundball, 13S, EV 55.6 MPH)
Top of the 1st over - 0 runs, 0 hits, 0 errors, 1 left on base; Lynn 0 - Pawtucket 0
BOTTOM OF THE 1ST
Pawtucket Paw Sox batting - Pitching for Lynn Sailors : RHP Eric Broersma
Pitching: RHP Eric Broersma
Batting: LHB Jeff Stone 0-0: Called Strike
0-1: Ground out 6-3 (Groundball, 6, EV 96.3 MPH)
Batting: LHB Steven Garcia 0-0: Called Strike
0-1: Ground out 6-3 (Groundball, 6, EV 89.4 MPH)
Batting: SHB Orestes Destrade 0-0: SOLO HOME RUN (Flyball, 7D, EV 100.6 MPH), Distance : 392 ft
Batting: RHB Brick Smith 0-0: Called Strike
0-1: Ball
1-1: Ball
2-1: Ball
3-1: Base on Balls
Batting: LHB David Wiggins 0-0: Ball
1-0: Swinging Strike
1-1: Foul Ball, location: 2F
1-2: SINGLE (Line Drive, 89S, EV 93.1 MPH)
Brick Smith to second
Runner from 2nd tries for 3rd, SAFE, throw by CF made to third
Batting: RHB Dave Malpeso 0-0: Foul Ball, location: 2F
0-1: Called Strike
0-2: Ball
1-2: Strikes out looking
Bottom of the 1st over - 1 run, 2 hits, 0 errors, 2 left on base; Lynn 0 - Pawtucket 1
TOP OF THE 2ND
Lynn Sailors batting - Pitching for Pawtucket Paw Sox : RHP Kevin McCoy
Batting: RHB Mike Reddish 0-0: Ball
1-0: Foul Ball, location: 2F
1-1: Fly out, F9 (Flyball, 9, EV 87.5 MPH)
Batting: RHB Jorge Hinojosa 0-0: Foul Ball, location: 2F
0-1: SINGLE (Line Drive, 8LS, EV 88.8 MPH)
Batting: RHB Vinny Jaramillo 0-0: Swinging Strike
Jorge Hinojosa is caught stealing 2nd base 2-4
0-1: Ball
1-1: Ball
2-1: Fly out, F6 (Flyball, 56D, EV 81.3 MPH)
Top of the 2nd over - 0 runs, 1 hit, 0 errors, 0 left on base; Lynn 0 - Pawtucket 1
BOTTOM OF THE 2ND
Pawtucket Paw Sox batting - Pitching for Lynn Sailors : RHP Eric Broersma
Batting: RHB Robert Duran 0-0: Called Strike
0-1: Foul Ball, location: 2F
0-2: Strikes out looking
Batting: RHB Lenny Faedo 0-0: SINGLE (Groundball, 34S, EV 86.3 MPH) (infield hit)
Batting: RHB Ted Cox 0-0: Ball
1-0: Ball
2-0: SINGLE (Groundball, 56D, EV 106.3 MPH)
Lenny Faedo to second
Batting: LHB Jeff Stone 0-0: Fly out, F6 (Flyball, 6MD, EV 82.5 MPH)
Batting: LHB Steven Garcia 0-0: Called Strike
0-1: Foul Ball, location: 2F
0-2: Ball
1-2: Ball
2-2: SINGLE (Line Drive, 6M, EV 105.0 MPH)
Lenny Faedo to third
Ted Cox to second
Batting: SHB Orestes Destrade 0-0: Called Strike
0-1: Ball
1-1: Ball
2-1: Ground out 4-3 (Groundball, 4, EV 82.5 MPH)
Bottom of the 2nd over - 0 runs, 3 hits, 0 errors, 3 left on base; Lynn 0 - Pawtucket 1
TOP OF THE 3RD
Lynn Sailors batting - Pitching for Pawtucket Paw Sox : RHP Kevin McCoy
Batting: SHB Danny Gans 0-0: Swinging Strike
0-1: Swinging Strike
0-2: Ball
1-2: Ball
2-2: Foul Ball, location: 2F
2-2: Ball
3-2: Strikes out looking
Batting: RHB Ezequiel Carrasco 0-0: Fly out, F8 (Line Drive, 8RD, EV 91.9 MPH)
Batting: SHB Bip Roberts 0-0: Called Strike
0-1: Fly out, F7 (Line Drive, 7, EV 93.1 MPH)
Top of the 3rd over - 0 runs, 0 hits, 0 errors, 0 left on base; Lynn 0 - Pawtucket 1
BOTTOM OF THE 3RD
Pawtucket Paw Sox batting - Pitching for Lynn Sailors : RHP Eric Broersma
Batting: RHB Brick Smith 0-0: Called Strike
0-1: Ball
1-1: Ball
2-1: Foul Ball, location: 2F
2-2: Foul Ball, location: 2F
2-2: Ball
3-2: Base on Balls
Batting: LHB David Wiggins 0-0: Swinging Strike
0-1: Called Strike
0-2: Ball
1-2: Fielders Choice at 2nd, 6-4 (Groundball, 6, EV 105.0 MPH)
Batting: RHB Dave Malpeso 0-0: Called Strike
0-1: Ball
1-1: Fly out, F8 (Line Drive, 8RD, EV 93.1 MPH)
Batting: RHB Robert Duran 0-0: Called Strike
0-1: Ball
1-1: Swinging Strike
1-2: Ball
2-2: Strikes out swinging
Bottom of the 3rd over - 0 runs, 0 hits, 0 errors, 1 left on base; Lynn 0 - Pawtucket 1
TOP OF THE 4TH
Lynn Sailors batting - Pitching for Pawtucket Paw Sox : RHP Kevin McCoy
Batting: RHB Ron Wotus 0-0: Foul Ball, location: 2F
0-1: Foul Ball, location: 2F
0-2: Ground out 6-3 (Groundball, 6, EV 87.5 MPH)
Batting: RHB Mike Rubel 0-0: Ball
1-0: Ball
2-0: Called Strike
2-1: Foul Ball, location: 2F
2-2: Fly out, F9 (Line Drive, 9, EV 91.3 MPH)
Batting: RHB Ken Gerhart 0-0: Ball
1-0: Called Strike
1-1: Swinging Strike
1-2: Strikes out swinging
Top of the 4th over - 0 runs, 0 hits, 0 errors, 0 left on base; Lynn 0 - Pawtucket 1
BOTTOM OF THE 4TH
Pawtucket Paw Sox batting - Pitching for Lynn Sailors : RHP Eric Broersma
Batting: RHB Lenny Faedo 0-0: Ground out 4-3 (Groundball, 4, EV 98.1 MPH)
Batting: RHB Ted Cox 0-0: Ball
1-0: Ball
2-0: Ball
3-0: Called Strike
3-1: Foul Ball, location: 2F
3-2: Foul Ball, location: 2F
3-2: Fly out, F4 (Flyball, 34D, EV 92.5 MPH)
Batting: LHB Jeff Stone 0-0: Foul Ball, location: 2F
0-1: Fly out, F7 (Flyball, 78D, EV 104.4 MPH)
Bottom of the 4th over - 0 runs, 0 hits, 0 errors, 0 left on base; Lynn 0 - Pawtucket 1
TOP OF THE 5TH
Lynn Sailors batting - Pitching for Pawtucket Paw Sox : RHP Kevin McCoy
Batting: RHB Mike Reddish 0-0: Ball
1-0: Swinging Strike
1-1: Ground out 5-3 (Groundball, 15, EV 83.1 MPH)
Batting: RHB Jorge Hinojosa 0-0: Ball
1-0: Foul Ball, location: 2F
1-1: Foul Ball, location: 2F
1-2: TRIPLE (Line Drive, 8RXD, EV 106.3 MPH)
Batting: RHB Vinny Jaramillo 0-0: Ball
1-0: Foul Ball, location: 2F
1-1: Ball
2-1: SINGLE (Line Drive, 8RS, EV 99.4 MPH)
Jorge Hinojosa scores
Batting: SHB Danny Gans 0-0: Foul Ball, location: 2F
0-1: Swinging Strike
0-2: Ball
1-2: Foul Ball, location: 2F
1-2: SINGLE (Line Drive, 78S, EV 95.6 MPH)
Vinny Jaramillo to second
Batting: RHB Ezequiel Carrasco 0-0: Foul Ball, location: 2F
0-1: Foul Ball, location: 2F
0-2: Fly out, F8 (Line Drive, 8RD, EV 103.8 MPH)
Batting: SHB Bip Roberts 0-0: SINGLE (Flyball, 3D, EV 95.6 MPH)
Vinny Jaramillo to third
Danny Gans to second
Runner from 3rd tries for Home, SAFE, throw by RF to home
Batting: RHB Ron Wotus 0-0: Fly out, F8 (Flyball, 78D, EV 106.3 MPH)
Top of the 5th over - 2 runs, 4 hits, 0 errors, 2 left on base; Lynn 2 - Pawtucket 1
BOTTOM OF THE 5TH
Pawtucket Paw Sox batting - Pitching for Lynn Sailors : RHP Eric Broersma
Batting: LHB Steven Garcia 0-0: Ball
1-0: Ball
2-0: Ball
3-0: Base on Balls
Batting: SHB Orestes Destrade 0-0: Ball
1-0: Fly out, F8 (Flyball, 8LS, EV 89.4 MPH)
Batting: RHB Brick Smith 0-0: Ball
1-0: Ball
2-0: Ball
3-0: Base on Balls
Steven Garcia to second
Batting: LHB David Wiggins 0-0: Ball
Steven Garcia steals 3rd, throwing error, E2
Steven Garcia scores
Brick Smith to third
1-0: Ball
2-0: Called Strike
2-1: Ball
3-1: Foul Ball, location: 2F
3-2: SINGLE (Groundball, 3, EV 94.4 MPH)
Brick Smith scores
Batting: RHB Dave Malpeso 0-0: Ball
1-0: Grounds into double play, 5-4-3 (Groundball, 56, EV 83.1 MPH)
Bottom of the 5th over - 2 runs, 1 hit, 1 error, 0 left on base; Lynn 2 - Pawtucket 3
TOP OF THE 6TH
Lynn Sailors batting - Pitching for Pawtucket Paw Sox : RHP Kevin McCoy
Batting: RHB Mike Rubel 0-0: Ball
1-0: Foul Ball, location: 2F
1-1: Foul Ball, location: 2F
1-2: Foul Ball, location: 2F
1-2: Ball
2-2: SOLO HOME RUN (Line Drive, 7D, EV 104.4 MPH), Distance : 396 ft
Batting: RHB Ken Gerhart 0-0: Called Strike
0-1: Foul Ball, location: 2F
0-2: Fly out, F3 (Popup, 3F, EV 79.4 MPH)
Batting: RHB Mike Reddish 0-0: Ball
1-0: Foul Ball, location: 2F
1-1: Ball
2-1: Fly out, F8 (Flyball, 89M, EV 85.0 MPH)
Batting: RHB Jorge Hinojosa 0-0: Reached on error, E5 (Groundball, 25, EV 66.3 MPH)
Batting: RHB Vinny Jaramillo 0-0: Called Strike
0-1: Called Strike
0-2: Strikes out swinging
Top of the 6th over - 1 run, 1 hit, 1 error, 1 left on base; Lynn 3 - Pawtucket 3
BOTTOM OF THE 6TH
Pawtucket Paw Sox batting - Pitching for Lynn Sailors : RHP Eric Broersma
Batting: RHB Robert Duran 0-0: Ball
1-0: Swinging Strike
1-1: Foul Ball, location: 2F
1-2: Strikes out swinging
Batting: RHB Lenny Faedo 0-0: Swinging Strike
0-1: Called Strike
0-2: Foul Ball, location: 2F
0-2: Ball
1-2: Ball
2-2: Fly out, F4 (Popup, 4D, EV 60.6 MPH)
Batting: RHB Ted Cox 0-0: Ball
1-0: Ball
2-0: DOUBLE (Flyball, 8LXD, EV 91.9 MPH)
Batting: LHB Jeff Stone 0-0: Called Strike
0-1: Fly out, F8 (Flyball, 8LD, EV 99.4 MPH)
Bottom of the 6th over - 0 runs, 1 hit, 0 errors, 1 left on base; Lynn 3 - Pawtucket 3
TOP OF THE 7TH
Lynn Sailors batting - Pitching for Pawtucket Paw Sox : RHP Kevin McCoy
Batting: SHB Danny Gans 0-0: Ball
1-0: Foul Ball, location: 2F
1-1: SOLO HOME RUN (Flyball, 9LD, EV 91.3 MPH), Distance : 357 ft
Batting: RHB Ezequiel Carrasco 0-0: Called Strike
0-1: Ball
1-1: Called Strike
1-2: Ball
2-2: Foul Ball, location: 2F
2-2: Foul Ball, location: 2F
2-2: Foul Ball, location: 2F
2-2: Foul Ball, location: 2F
2-2: DOUBLE (Flyball, 8RXD, EV 99.4 MPH)
Batting: SHB Bip Roberts 0-0: Intentional Walk
Batting: RHB Ron Wotus 0-0: Called Strike
0-1: Ball
1-1: Fly out, F8 (Line Drive, 8LD, EV 91.9 MPH)
Batting: RHB Mike Rubel 0-0: Foul Ball, location: 2F
0-1: 3-RUN HOME RUN (Flyball, 7D, EV 95.0 MPH), Distance : 376 ft
Pitching: RHP Sam Bryan
Batting: RHB Ken Gerhart 0-0: Ball
1-0: Fly out, F9 (Flyball, 89M, EV 81.9 MPH)
Batting: RHB Mike Reddish 0-0: Foul Ball, location: 2F
0-1: Called Strike
0-2: Ball
1-2: Ball
2-2: Foul Ball, location: 2F
2-2: Ball
3-2: Base on Balls
Batting: RHB Jorge Hinojosa 0-0: Ball
1-0: Called Strike
1-1: Foul Ball, location: 2F
1-2: SINGLE (Line Drive, 8LM, EV 108.8 MPH)
Mike Reddish to second
Batting: RHB Vinny Jaramillo 0-0: Called Strike
0-1: Foul Ball, location: 2F
0-2: Strikes out swinging
Top of the 7th over - 4 runs, 4 hits, 0 errors, 2 left on base; Lynn 7 - Pawtucket 3
BOTTOM OF THE 7TH
Pawtucket Paw Sox batting - Pitching for Lynn Sailors : RHP Eric Broersma
Batting: LHB Steven Garcia 0-0: Ball
1-0: Ball
2-0: Called Strike
2-1: Ground out 6-3 (Groundball, 56, EV 108.1 MPH)
Batting: SHB Orestes Destrade 0-0: Ball
1-0: Ball
2-0: Called Strike
2-1: Ball
3-1: Swinging Strike
3-2: Foul Ball, location: 2F
3-2: Fly out, F8 (Line Drive, 8RM, EV 92.5 MPH)
Batting: RHB Brick Smith 0-0: Called Strike
0-1: Ball
1-1: Called Strike
1-2: Ball
2-2: Fly out, F2 (Popup, 13S, EV 85.6 MPH)
Bottom of the 7th over - 0 runs, 0 hits, 0 errors, 0 left on base; Lynn 7 - Pawtucket 3
TOP OF THE 8TH
Lynn Sailors batting - Pitching for Pawtucket Paw Sox : RHP Sam Bryan
Batting: SHB Danny Gans 0-0: Called Strike
0-1: Swinging Strike
0-2: Strikes out swinging
Batting: RHB Ezequiel Carrasco 0-0: Ball
1-0: Called Strike
1-1: Ball
2-1: Fly out, F8 (Line Drive, 8RM, EV 96.3 MPH)
Batting: SHB Bip Roberts 0-0: Foul Ball, location: 2F
0-1: Fly out, F7 (Flyball, 78S, EV 95.0 MPH)
Top of the 8th over - 0 runs, 0 hits, 0 errors, 0 left on base; Lynn 7 - Pawtucket 3
BOTTOM OF THE 8TH
Pawtucket Paw Sox batting - Pitching for Lynn Sailors : RHP Eric Broersma
Pitching: RHP Joe Whitmer
Batting: LHB David Wiggins 0-0: Ball
1-0: Foul Ball, location: 2F
1-1: Swinging Strike
1-2: Ball
2-2: Strikes out looking
Batting: RHB Dave Malpeso 0-0: Fly out, F9 (Flyball, 9D, EV 93.8 MPH)
Batting: RHB Robert Duran 0-0: Called Strike
0-1: Ball
1-1: Ball
2-1: Foul Ball, location: 2F
2-2: Ball
3-2: Ground out 4-3 (Groundball, 4M, EV 104.4 MPH)
Bottom of the 8th over - 0 runs, 0 hits, 0 errors, 0 left on base; Lynn 7 - Pawtucket 3
TOP OF THE 9TH
Lynn Sailors batting - Pitching for Pawtucket Paw Sox : RHP Sam Bryan
Batting: RHB Ron Wotus 0-0: Ball
1-0: Called Strike
1-1: Swinging Strike
1-2: Ball
2-2: Foul Ball, location: 2F
2-2: Ball
3-2: Foul Ball, location: 2F
3-2: Foul Ball, location: 2F
3-2: Base on Balls
Batting: RHB Mike Rubel 0-0: Ball
1-0: Ball
2-0: Ball
3-0: Called Strike
3-1: Base on Balls
Ron Wotus to second
Pitching: RHP Chris Lein
Batting: RHB Ken Gerhart 0-0: Ball
1-0: Ball
2-0: Ball
3-0: Called Strike
3-1: Base on Balls
Ron Wotus to third
Mike Rubel to second
Batting: RHB Mike Reddish 0-0: Foul Ball, location: 2F
0-1: Ball
1-1: Grounds into double play, 6-4-3 (Groundball, 6MD, EV 103.1 MPH)
Ron Wotus scores
Mike Rubel to third
Batting: RHB Jorge Hinojosa 0-0: Foul Ball, location: 2F
0-1: SINGLE (Line Drive, 8LS, EV 93.1 MPH)
Mike Rubel scores
Batting: RHB Vinny Jaramillo 0-0: Ball
1-0: Ball
2-0: Ball
3-0: Called Strike
3-1: Reached on error, E5 (Groundball, 5S, EV 93.1 MPH)
Jorge Hinojosa to second
Batting: SHB Danny Gans 0-0: Foul Ball, location: 2F
0-1: Foul Ball, location: 2F
0-2: Ball
1-2: Ball
2-2: Ball
3-2: SINGLE (Groundball, 34D, EV 107.5 MPH)
Jorge Hinojosa to third
Vinny Jaramillo to second
Jorge Hinojosa scores
Vinny Jaramillo to third
Pinch Hitting: RHB Carmelo Castillo 0-0: Called Strike
0-1: Fly out, F8 (Flyball, 8LD, EV 101.9 MPH)
Top of the 9th over - 3 runs, 2 hits, 1 error, 2 left on base; Lynn 10 - Pawtucket 3
BOTTOM OF THE 9TH
Pawtucket Paw Sox batting - Pitching for Lynn Sailors : RHP Joe Whitmer
Now in LF: Carmelo Castillo
Batting: RHB Lenny Faedo 0-0: Called Strike
0-1: Ground out 6-3 (Groundball, 6, EV 95.6 MPH)
Batting: RHB Ted Cox 0-0: Called Strike
0-1: Ball
1-1: Swinging Strike
1-2: Foul Ball, location: 2F
1-2: Foul Ball, location: 2F
1-2: Strikes out looking
Batting: LHB Jeff Stone 0-0: Ball
1-0: Ball
2-0: Called Strike
2-1: Ground out 5-3 (Groundball, 56, EV 87.5 MPH)
Bottom of the 9th over - 0 runs, 0 hits, 0 errors, 0 left on base; Lynn 10 - Pawtucket 3
Wednesday, July 22nd, 2020 - OOTP Baseball 21.4 Build 63